[ AOE2 MATCH · #489207229 ]
UnrankedSaracens vs Armenians
[ REPLAY ANALYSIS · EXTRACTED FROM THE RECORDED GAME ]
Feudal
10:36
Castle
14:13
Imperial
36:36
| APM avg | 57.2 |
| APM peak | 103 |
| eAPM avg | 26.1 |
| Villagers / military | 153 / 106 |
Focus
⚔️ 35.9% · 🌾 64.1%
Mameluke ×58 · Scout Cavalry ×37 · Mangonel ×8 · Trebuchet (Packed) ×2 · Monk ×1
Feudal
11:09
Castle
14:58
Imperial
33:22
| APM avg | 45.8 |
| APM peak | 105 |
| eAPM avg | 13.8 |
| Villagers / military | 98 / 72 |
Focus
⚔️ 27.0% · 🌾 73.0%
Conquistador ×35 · Scout Cavalry ×14 · Knight ×11 · Hand Cannoneer ×8 · Trebuchet (Packed) ×3 · Battering Ram ×1
Feudal
9:41
Castle
13:18
Imperial
—
| APM avg | 30.9 |
| APM peak | 61 |
| eAPM avg | 15.7 |
| Villagers / military | 84 / 65 |
Focus
⚔️ 27.6% · 🌾 72.4%
Monk ×33 · Spearman ×16 · Skirmisher ×10 · Battering Ram ×4 · Mangonel ×1 · Warrior Priest ×1
Feudal
10:30
Castle
14:13
Imperial
34:29
| APM avg | 53.3 |
| APM peak | 96 |
| eAPM avg | 28.9 |
| Villagers / military | 125 / 117 |
Focus
⚔️ 55.0% · 🌾 45.0%
Camel Scout ×102 · Monk ×7 · Armored Elephant ×5 · Trebuchet (Packed) ×3
Feudal
12:12
Castle
16:07
Imperial
20:34
| APM avg | 37.7 |
| APM peak | 82 |
| eAPM avg | 19.1 |
| Villagers / military | 41 / 65 |
Focus
⚔️ 44.4% · 🌾 55.6%
Hand Cannoneer ×36 · Scout Cavalry ×17 · Bombard Cannon ×10 · Monk ×1 · Mangonel ×1
Feudal
10:56
Castle
14:45
Imperial
33:58
| APM avg | 48.0 |
| APM peak | 92 |
| eAPM avg | 23.0 |
| Villagers / military | 149 / 190 |
Focus
⚔️ 30.2% · 🌾 69.8%
Spearman ×116 · Scorpion ×39 · Boyar ×31 · Trebuchet (Packed) ×3 · Petard ×1
Feudal
11:13
Castle
14:47
Imperial
35:15
| APM avg | 36.8 |
| APM peak | 90 |
| eAPM avg | 21.7 |
| Villagers / military | 183 / 102 |
Focus
⚔️ 24.0% · 🌾 76.0%
Scout Cavalry ×90 · Unknown (1944) ×20 · Monk ×12
Feudal
—
Castle
—
Imperial
—
| APM avg | 26.7 |
| APM peak | 80 |
| eAPM avg | 14.7 |
| Villagers / military | 97 / 54 |
Focus
⚔️ 25.0% · 🌾 75.0%
Elephant Archer ×28 · Spearman ×25 · Scout Cavalry ×1
Match map
Initial resources + every placement click. Lines = walls · curves = elevation contours. ◆ gold · ⬟ stone · ● berries · ✦ relic · ◌ wall gap
Your base· ✓ Closed at 14:13 · 0t walls · 3 gate(s)
Katz's base· ✓ Closed at 14:58 · 0t walls · 2 gate(s)
CTM | Crawly94's base· ✓ Closed at 13:18 · 0t walls · 2 gate(s)
Ux'DonChauron's base· ✓ Closed at 14:13 · 0t walls · 3 gate(s)
psychilli's base· ✓ Closed at 16:07 · 0t walls · 3 gate(s)
Ux'Tycho0201's base· ✓ Closed at 14:45 · 0t walls · 2 gate(s)
LoomOrDoom's base· ✓ Closed at 14:47 · 0t walls · 2 gate(s)
Quimimoshly06's base· ✓ Closed at 14:34 · 0t walls · 3 gate(s)
Smoothed initial terrain · ◌ = detected wall gap · hover for details
Inputs per minute
— Gandalfff - - Katz
Build order — Gandalfff
First 150 of 415 actions detected
| 0:01 | Create | Villager (Male) |
| 0:01 | Create | Villager (Male) |
| 0:02 | Create | Villager (Male) |
| 0:02 | Build | House |
| 0:07 | Build | House |
| 0:30 | Create | Villager (Male) |
| 1:37 | Create | Villager (Male) |
| 1:58 | Build | Lumber Camp |
| 1:59 | Create | Villager (Male) |
| 2:19 | Create | Villager (Male) |
| 2:56 | Create | Villager (Male) |
| 2:57 | Create | Villager (Male) |
| 3:20 | Create | Villager (Male) |
| 3:41 | Create | Villager (Male) |
| 3:49 | Create | Villager (Male) |
| 3:58 | Build | House |
| 3:59 | Build | House |
| 4:35 | Create | Villager (Male) |
| 4:36 | Create | Villager (Male) |
| 4:44 | Build | Mill |
| 4:46 | Create | Villager (Male) |
| 4:46 | Create | Villager (Male) |
| 6:05 | Build | Mill |
| 6:21 | Create | Villager (Male) |
| 6:21 | Create | Villager (Male) |
| 6:23 | Create | Villager (Male) |
| 6:38 | Create | Villager (Male) |
| 6:38 | Create | Villager (Male) |
| 6:48 | Create | Villager (Male) |
| 6:51 | Create | Villager (Male) |
| 7:09 | Create | Villager (Male) |
| 7:09 | Create | Villager (Male) |
| 7:15 | Create | Villager (Male) |
| 7:16 | Research | Loom |
| 7:38 | Research | Feudal Age |
| 7:58 | Build | Mining Camp |
| 8:24 | Build | Mining Camp |
| 9:05 | Create | Villager (Male) |
| 9:07 | Create | Villager (Male) |
| 10:36 | Age | Feudal Age |
| 10:44 | Build | Market |
| 10:47 | Build | Blacksmith |
| 10:50 | Build | Blacksmith |
| 11:33 | Research | Castle Age |
| 12:03 | Research | Double-Bit Axe |
| 12:23 | Research | Horse Collar |
| 12:23 | Research | Horse Collar |
| 12:54 | Build | Farm |
| 12:56 | Build | Farm |
| 13:08 | Build | Farm |
| 14:13 | Age | Castle Age |
| 14:15 | Create | Villager (Male) |
| 14:20 | Build | House |
| 14:21 | Build | House |
| 14:39 | Create | Villager (Male) |
| 14:52 | Build | Castle |
| 15:06 | Create | Villager (Male) |
| 15:12 | Create | Villager (Male) |
| 15:20 | Create | Villager (Male) |
| 15:28 | Build | Siege Workshop |
| 15:34 | Create | Villager (Male) |
| 15:43 | Create | Villager (Male) |
| 15:58 | Create | Villager (Male) |
| 16:00 | Build | Farm |
| 16:16 | Build | Farm |
| 16:18 | Build | Farm |
| 16:26 | Create | Villager (Male) |
| 16:44 | Create | Mameluke |
| 16:44 | Create | Mameluke |
| 16:44 | Create | Mameluke |
| 16:44 | Create | Mameluke |
| 16:49 | Create | Villager (Male) |
| 17:02 | Build | Farm |
| 17:13 | Create | Villager (Male) |
| 17:32 | Build | Town Center |
| 17:41 | Create | Villager (Male) |
| 17:45 | Create | Mameluke |
| 18:14 | Create | Villager (Male) |
| 18:17 | Build | Farm |
| 18:19 | Create | Villager (Male) |
| 18:21 | Build | Farm |
| 18:39 | Create | Villager (Male) |
| 18:42 | Build | Farm |
| 18:52 | Create | Villager (Male) |
| 19:03 | Build | Farm |
| 19:10 | Create | Villager (Male) |
| 19:29 | Create | Villager (Male) |
| 19:33 | Build | Farm |
| 19:34 | Create | Villager (Male) |
| 19:43 | Create | Villager (Male) |
| 20:01 | Create | Villager (Male) |
| 20:20 | Build | Town Center |
| 20:30 | Create | Mameluke |
| 20:30 | Create | Mameluke |
| 20:48 | Create | Villager (Male) |
| 20:54 | Build | Farm |
| 21:01 | Create | Villager (Male) |
| 21:03 | Create | Villager (Male) |
| 21:06 | Build | Farm |
| 21:06 | Build | Farm |
| 21:06 | Build | Farm |
| 21:35 | Create | Mameluke |
| 21:35 | Create | Mameluke |
| 21:42 | Build | Gate |
| 21:44 | Build | House |
| 21:52 | Create | Villager (Male) |
| 21:54 | Create | Mameluke |
| 21:54 | Create | Mameluke |
| 22:16 | Build | House |
| 22:18 | Build | House |
| 22:23 | Build | House |
| 22:36 | Create | Villager (Male) |
| 22:36 | Create | Villager (Male) |
| 22:58 | Create | Mameluke |
| 22:58 | Create | Mameluke |
| 22:59 | Create | Villager (Male) |
| 23:03 | Build | Farm |
| 23:03 | Build | Farm |
| 23:03 | Build | Farm |
| 23:03 | Build | Farm |
| 23:04 | Build | Farm |
| 23:04 | Create | Villager (Male) |
| 23:10 | Build | Stone Wall |
| 23:23 | Create | Villager (Male) |
| 23:29 | Create | Villager (Male) |
| 23:34 | Build | Farm |
| 23:34 | Build | Farm |
| 23:35 | Build | Farm |
| 23:35 | Build | Farm |
| 23:35 | Build | Farm |
| 23:35 | Build | Farm |
| 23:36 | Build | Farm |
| 23:57 | Create | Villager (Male) |
| 23:57 | Create | Villager (Male) |
| 24:00 | Create | Villager (Male) |
| 24:01 | Create | Villager (Male) |
| 24:05 | Create | Villager (Male) |
| 24:16 | Create | Villager (Male) |
| 24:34 | Create | Villager (Male) |
| 24:35 | Create | Villager (Male) |
| 24:38 | Build | Farm |
| 24:42 | Build | Farm |
| 24:49 | Create | Villager (Male) |
| 25:08 | Create | Villager (Male) |
| 25:09 | Create | Villager (Male) |
| 25:09 | Create | Villager (Male) |
| 25:12 | Build | Farm |
| 25:13 | Create | Villager (Male) |
| 25:17 | Build | Farm |
| 25:22 | Build | Farm |
Build order — Katz
First 150 of 288 actions detected
| 0:02 | Build | House |
| 0:03 | Build | House |
| 0:04 | Create | Villager (Male) |
| 0:04 | Create | Villager (Male) |
| 0:05 | Create | Villager (Male) |
| 0:05 | Create | Villager (Male) |
| 1:25 | Create | Villager (Male) |
| 1:25 | Create | Villager (Male) |
| 1:46 | Create | Villager (Male) |
| 1:52 | Build | Lumber Camp |
| 2:18 | Create | Villager (Male) |
| 2:19 | Create | Villager (Male) |
| 3:07 | Create | Villager (Male) |
| 3:07 | Create | Villager (Male) |
| 3:08 | Create | Villager (Male) |
| 3:59 | Create | Villager (Male) |
| 3:59 | Create | Villager (Male) |
| 4:00 | Create | Villager (Male) |
| 4:04 | Build | House |
| 4:09 | Build | Mill |
| 4:13 | Create | Villager (Male) |
| 4:52 | Create | Villager (Male) |
| 4:52 | Create | Villager (Male) |
| 4:59 | Create | Villager (Male) |
| 5:05 | Build | House |
| 5:53 | Build | Mill |
| 6:04 | Create | Villager (Male) |
| 6:35 | Create | Villager (Male) |
| 6:44 | Create | Villager (Male) |
| 7:10 | Create | Villager (Male) |
| 7:19 | Build | Farm |
| 7:33 | Create | Villager (Male) |
| 7:52 | Create | Villager (Male) |
| 8:25 | Research | Feudal Age |
| 8:27 | Build | Farm |
| 8:41 | Build | Mining Camp |
| 8:50 | Build | House |
| 9:53 | Create | Villager (Male) |
| 9:54 | Create | Villager (Male) |
| 10:10 | Build | Mining Camp |
| 11:09 | Age | Feudal Age |
| 11:30 | Build | Blacksmith |
| 11:41 | Build | Market |
| 12:11 | Research | Loom |
| 12:18 | Research | Castle Age |
| 12:38 | Research | Double-Bit Axe |
| 12:49 | Research | Horse Collar |
| 13:12 | Create | Villager (Male) |
| 13:12 | Create | Villager (Male) |
| 13:33 | Build | Farm |
| 13:39 | Build | Farm |
| 13:59 | Build | House |
| 14:53 | Research | Loom |
| 14:56 | Create | Villager (Male) |
| 14:57 | Create | Villager (Male) |
| 14:58 | Age | Castle Age |
| 15:32 | Build | Castle |
| 15:46 | Create | Villager (Male) |
| 15:49 | Research | Bow Saw |
| 16:26 | Build | Town Center |
| 16:32 | Create | Villager (Male) |
| 16:35 | Build | Farm |
| 16:50 | Build | Farm |
| 16:52 | Create | Villager (Male) |
| 17:15 | Create | Conquistador |
| 17:23 | Create | Villager (Male) |
| 17:23 | Create | Villager (Male) |
| 17:28 | Build | Farm |
| 17:33 | Build | Farm |
| 17:36 | Create | Villager (Male) |
| 17:37 | Create | Villager (Male) |
| 17:38 | Create | Villager (Male) |
| 17:42 | Create | Conquistador |
| 17:51 | Build | Barracks |
| 18:07 | Create | Conquistador |
| 18:21 | Build | Gate |
| 18:43 | Build | Stable |
| 18:49 | Create | Conquistador |
| 18:49 | Create | Conquistador |
| 18:54 | Create | Villager (Male) |
| 18:58 | Build | Farm |
| 19:02 | Build | Farm |
| 19:04 | Build | Farm |
| 19:06 | Build | Farm |
| 19:09 | Build | Farm |
| 19:15 | Build | Stable |
| 19:31 | Build | House |
| 19:33 | Create | Conquistador |
| 19:49 | Build | Farm |
| 19:52 | Build | Farm |
| 19:56 | Build | Farm |
| 20:00 | Build | Farm |
| 20:21 | Create | Villager (Male) |
| 20:29 | Create | Conquistador |
| 20:48 | Create | Conquistador |
| 20:56 | Create | Villager (Male) |
| 20:56 | Create | Villager (Male) |
| 20:56 | Create | Villager (Male) |
| 20:57 | Create | Villager (Male) |
| 21:21 | Create | Conquistador |
| 21:29 | Build | Farm |
| 21:32 | Build | Farm |
| 21:42 | Create | Conquistador |
| 21:51 | Research | Husbandry |
| 23:00 | Create | Conquistador |
| 23:02 | Create | Villager (Male) |
| 23:02 | Create | Villager (Male) |
| 23:03 | Create | Villager (Male) |
| 23:03 | Create | Villager (Male) |
| 23:03 | Create | Villager (Male) |
| 23:08 | Build | Farm |
| 23:14 | Build | Town Center |
| 23:34 | Create | Conquistador |
| 23:55 | Research | Bloodlines |
| 24:12 | Create | Villager (Male) |
| 24:13 | Create | Villager (Male) |
| 24:14 | Create | Villager (Male) |
| 24:15 | Create | Villager (Male) |
| 24:15 | Create | Villager (Male) |
| 24:20 | Build | Farm |
| 24:20 | Build | Farm |
| 24:21 | Build | Farm |
| 24:24 | Build | Farm |
| 25:13 | Create | Villager (Male) |
| 25:14 | Create | Villager (Male) |
| 25:15 | Create | Villager (Male) |
| 25:15 | Create | Villager (Male) |
| 25:16 | Create | Villager (Male) |
| 25:16 | Create | Villager (Male) |
| 25:17 | Create | Villager (Male) |
| 25:19 | Build | Farm |
| 25:23 | Build | Farm |
| 25:24 | Build | Farm |
| 25:27 | Build | Farm |
| 25:33 | Research | Heavy Plow |
| 25:34 | Create | Villager (Male) |
| 25:36 | Create | Villager (Male) |
| 25:48 | Create | Conquistador |
| 26:40 | Research | Light Cavalry (upgrade) |
| 26:40 | Create | Scout Cavalry |
| 26:40 | Create | Scout Cavalry |
| 26:46 | Build | House |
| 26:47 | Build | House |
| 26:48 | Build | House |
| 27:11 | Build | House |
| 27:12 | Build | House |
| 27:12 | Build | House |
| 27:12 | Build | House |
| 27:25 | Create | Scout Cavalry |
| 27:26 | Create | Scout Cavalry |
Build order — CTM | Crawly94
First 150 of 256 actions detected
| 0:01 | Create | Villager (Male) |
| 0:01 | Create | Villager (Male) |
| 0:02 | Build | House |
| 0:03 | Build | House |
| 0:04 | Create | Villager (Male) |
| 0:04 | Create | Villager (Male) |
| 1:48 | Create | Villager (Male) |
| 1:48 | Create | Villager (Male) |
| 1:56 | Build | Mule Cart |
| 2:25 | Create | Villager (Male) |
| 2:59 | Create | Villager (Male) |
| 2:59 | Create | Villager (Male) |
| 3:44 | Create | Villager (Male) |
| 3:57 | Build | House |
| 4:19 | Create | Villager (Male) |
| 4:19 | Create | Villager (Male) |
| 4:20 | Create | Villager (Male) |
| 4:49 | Build | Mill |
| 5:25 | Create | Villager (Male) |
| 5:25 | Create | Villager (Male) |
| 5:30 | Create | Villager (Male) |
| 6:44 | Build | Mill |
| 7:31 | Research | Feudal Age |
| 7:32 | Research | Feudal Age |
| 7:50 | Build | House |
| 8:12 | Create | Villager (Male) |
| 8:13 | Research | Loom |
| 9:41 | Age | Feudal Age |
| 9:43 | Build | Market |
| 9:45 | Build | Blacksmith |
| 10:38 | Research | Castle Age |
| 10:56 | Research | Double-Bit Axe |
| 11:05 | Build | Mule Cart |
| 11:50 | Create | Villager (Male) |
| 13:02 | Create | Villager (Male) |
| 13:18 | Age | Castle Age |
| 13:40 | Build | Monastery |
| 13:45 | Build | Monastery |
| 14:11 | Create | Villager (Male) |
| 14:11 | Create | Villager (Male) |
| 14:28 | Create | Warrior Priest |
| 14:29 | Create | Monk |
| 14:32 | Build | House |
| 14:33 | Build | House |
| 14:33 | Build | House |
| 15:22 | Build | Siege Workshop |
| 15:27 | Create | Monk |
| 15:41 | Build | Farm |
| 15:41 | Build | Farm |
| 15:45 | Create | Villager (Male) |
| 15:50 | Research | Sanctity |
| 15:51 | Research | Fervor |
| 15:52 | Create | Monk |
| 15:52 | Create | Monk |
| 16:20 | Create | Monk |
| 16:26 | Build | Barracks |
| 16:49 | Create | Battering Ram |
| 17:10 | Create | Spearman |
| 17:18 | Build | House |
| 17:42 | Build | Farm |
| 17:42 | Build | Farm |
| 18:04 | Build | House |
| 18:23 | Create | Villager (Male) |
| 18:40 | Research | Redemption |
| 18:41 | Create | Monk |
| 18:43 | Build | Mule Cart |
| 19:01 | Create | Battering Ram |
| 19:04 | Create | Monk |
| 19:55 | Create | Villager (Male) |
| 19:55 | Create | Villager (Male) |
| 20:09 | Create | Monk |
| 20:10 | Create | Monk |
| 20:10 | Create | Monk |
| 20:22 | Create | Villager (Male) |
| 20:35 | Create | Mangonel |
| 21:10 | Create | Villager (Male) |
| 21:23 | Create | Battering Ram |
| 21:49 | Create | Villager (Male) |
| 22:02 | Create | Villager (Male) |
| 22:05 | Create | Monk |
| 22:05 | Create | Monk |
| 22:19 | Create | Monk |
| 22:20 | Create | Monk |
| 22:20 | Create | Monk |
| 22:20 | Create | Monk |
| 22:41 | Create | Villager (Male) |
| 22:42 | Create | Villager (Male) |
| 22:42 | Create | Villager (Male) |
| 22:53 | Build | Town Center |
| 22:55 | Create | Villager (Male) |
| 23:22 | Create | Battering Ram |
| 23:23 | Create | Villager (Male) |
| 23:24 | Create | Villager (Male) |
| 23:53 | Create | Villager (Male) |
| 23:59 | Build | Farm |
| 24:02 | Build | Farm |
| 24:04 | Create | Villager (Male) |
| 24:29 | Create | Spearman |
| 24:30 | Create | Spearman |
| 24:30 | Create | Spearman |
| 25:01 | Build | Town Center |
| 25:03 | Build | House |
| 25:04 | Build | House |
| 25:07 | Create | Villager (Male) |
| 25:07 | Create | Villager (Male) |
| 25:39 | Create | Villager (Male) |
| 25:44 | Build | Farm |
| 25:45 | Build | Farm |
| 26:13 | Build | Barracks |
| 26:31 | Create | Villager (Male) |
| 26:32 | Create | Villager (Male) |
| 26:32 | Create | Villager (Male) |
| 26:34 | Build | Farm |
| 26:41 | Build | Farm |
| 26:41 | Build | Farm |
| 26:56 | Create | Villager (Male) |
| 26:56 | Create | Villager (Male) |
| 27:27 | Research | Atonement |
| 27:45 | Create | Monk |
| 27:45 | Create | Monk |
| 28:03 | Build | Farm |
| 28:04 | Build | Farm |
| 28:04 | Build | Farm |
| 28:04 | Build | Farm |
| 28:07 | Build | Farm |
| 28:07 | Build | Farm |
| 28:07 | Build | Farm |
| 28:08 | Build | Farm |
| 28:10 | Create | Villager (Male) |
| 28:10 | Create | Villager (Male) |
| 28:10 | Create | Villager (Male) |
| 28:10 | Create | Villager (Male) |
| 28:23 | Create | Monk |
| 28:23 | Create | Monk |
| 28:33 | Build | Monastery |
| 28:36 | Build | Monastery |
| 29:19 | Create | Villager (Male) |
| 29:19 | Create | Villager (Male) |
| 29:20 | Create | Villager (Male) |
| 29:36 | Create | Monk |
| 29:36 | Create | Monk |
| 29:36 | Create | Monk |
| 29:36 | Create | Monk |
| 29:53 | Create | Villager (Male) |
| 29:53 | Create | Villager (Male) |
| 29:54 | Create | Villager (Male) |
| 29:56 | Build | Farm |
| 29:57 | Create | Villager (Male) |
| 29:59 | Research | Horse Collar |
| 30:02 | Build | Farm |
Build order — Ux'DonChauron
First 150 of 421 actions detected
| 0:00 | Create | Villager (Male) |
| 0:00 | Create | Villager (Male) |
| 0:01 | Create | Villager (Male) |
| 0:02 | Build | House |
| 0:03 | Build | House |
| 0:06 | Create | Villager (Male) |
| 0:23 | Build | Mill |
| 1:32 | Create | Villager (Male) |
| 1:53 | Create | Villager (Male) |
| 2:09 | Create | Villager (Male) |
| 2:36 | Create | Villager (Male) |
| 2:53 | Create | Villager (Male) |
| 3:03 | Build | House |
| 3:07 | Create | Villager (Male) |
| 3:31 | Create | Villager (Male) |
| 3:45 | Build | Lumber Camp |
| 4:03 | Create | Villager (Male) |
| 4:09 | Build | House |
| 4:14 | Create | Villager (Male) |
| 4:48 | Build | House |
| 4:50 | Create | Villager (Male) |
| 5:08 | Create | Villager (Male) |
| 5:28 | Create | Villager (Male) |
| 6:02 | Create | Villager (Male) |
| 6:09 | Create | Villager (Male) |
| 6:09 | Create | Villager (Male) |
| 6:21 | Build | Mining Camp |
| 7:07 | Build | Mill |
| 7:20 | Create | Villager (Male) |
| 7:21 | Create | Villager (Male) |
| 8:03 | Research | Feudal Age |
| 8:14 | Build | Mining Camp |
| 8:19 | Create | Villager (Male) |
| 8:20 | Create | Villager (Male) |
| 9:31 | Build | Farm |
| 9:35 | Build | Farm |
| 10:30 | Age | Feudal Age |
| 10:32 | Build | Market |
| 11:02 | Build | Blacksmith |
| 11:33 | Research | Castle Age |
| 11:45 | Build | House |
| 12:01 | Research | Double-Bit Axe |
| 12:16 | Research | Horse Collar |
| 12:22 | Build | House |
| 12:47 | Create | Villager (Male) |
| 12:52 | Research | Loom |
| 12:58 | Build | Farm |
| 13:14 | Build | Farm |
| 13:31 | Build | Farm |
| 13:44 | Build | House |
| 14:13 | Age | Castle Age |
| 14:15 | Build | Siege Workshop |
| 14:17 | Build | Farm |
| 14:19 | Build | Farm |
| 14:20 | Create | Villager (Male) |
| 14:36 | Build | Farm |
| 14:44 | Build | House |
| 14:48 | Build | Farm |
| 14:50 | Create | Armored Elephant |
| 15:04 | Create | Armored Elephant |
| 15:05 | Create | Villager (Male) |
| 15:10 | Build | Farm |
| 15:15 | Build | House |
| 15:23 | Create | Villager (Male) |
| 15:37 | Build | Farm |
| 15:47 | Build | House |
| 15:55 | Research | Bow Saw |
| 16:07 | Create | Armored Elephant |
| 16:08 | Create | Villager (Male) |
| 16:17 | Build | House |
| 16:29 | Create | Villager (Male) |
| 16:39 | Build | Farm |
| 16:51 | Build | House |
| 16:52 | Create | Villager (Male) |
| 16:58 | Build | Farm |
| 17:08 | Create | Armored Elephant |
| 17:25 | Create | Villager (Male) |
| 17:43 | Create | Villager (Male) |
| 17:45 | Build | Monastery |
| 17:55 | Research | Town Watch |
| 18:10 | Create | Armored Elephant |
| 18:31 | Create | Villager (Male) |
| 18:37 | Build | Town Center |
| 18:51 | Create | Villager (Male) |
| 19:13 | Build | Barracks |
| 19:20 | Create | Villager (Male) |
| 19:29 | Research | Scale Barding Armor |
| 19:44 | Create | Monk |
| 19:54 | Build | Stable |
| 20:08 | Create | Villager (Male) |
| 20:10 | Create | Villager (Male) |
| 20:14 | Create | Monk |
| 20:15 | Build | Farm |
| 20:18 | Create | Villager (Male) |
| 20:18 | Create | Villager (Male) |
| 20:36 | Build | Farm |
| 20:37 | Build | Farm |
| 20:37 | Build | Farm |
| 20:37 | Build | Farm |
| 20:37 | Build | Farm |
| 20:38 | Build | Farm |
| 20:38 | Create | Villager (Male) |
| 20:54 | Research | Wheelbarrow |
| 20:54 | Research | Wheelbarrow |
| 20:55 | Create | Monk |
| 21:08 | Create | Villager (Male) |
| 21:08 | Create | Villager (Male) |
| 21:19 | Create | Monk |
| 21:39 | Create | Villager (Male) |
| 21:41 | Create | Villager (Male) |
| 21:55 | Build | Town Center |
| 22:09 | Research | Bloodlines |
| 22:20 | Create | Villager (Male) |
| 22:23 | Build | Stable |
| 22:37 | Create | Villager (Male) |
| 22:49 | Create | Villager (Male) |
| 22:52 | Create | Camel Scout |
| 22:52 | Create | Camel Scout |
| 23:02 | Create | Camel Scout |
| 23:06 | Build | Farm |
| 23:06 | Build | Farm |
| 23:06 | Build | Farm |
| 23:07 | Build | Farm |
| 23:07 | Build | Farm |
| 23:07 | Build | Farm |
| 23:07 | Build | Farm |
| 23:14 | Create | Villager (Male) |
| 23:19 | Create | Villager (Male) |
| 23:24 | Research | Sanctity |
| 23:24 | Research | Sanctity |
| 23:30 | Create | Villager (Male) |
| 23:31 | Create | Villager (Male) |
| 23:35 | Build | House |
| 23:36 | Build | House |
| 23:46 | Create | Camel Scout |
| 23:57 | Create | Monk |
| 23:59 | Create | Villager (Male) |
| 23:59 | Create | Villager (Male) |
| 24:02 | Build | Farm |
| 24:02 | Build | Farm |
| 24:02 | Build | Farm |
| 24:03 | Build | Farm |
| 24:03 | Build | Farm |
| 24:12 | Create | Villager (Male) |
| 24:12 | Create | Villager (Male) |
| 24:20 | Create | Villager (Male) |
| 24:27 | Research | Husbandry |
| 24:33 | Create | Villager (Male) |
| 24:39 | Create | Villager (Male) |
| 24:43 | Build | Farm |
Build order — psychilli
First 150 of 203 actions detected
| 0:02 | Create | Villager (Male) |
| 0:02 | Create | Villager (Male) |
| 0:02 | Create | Villager (Male) |
| 0:02 | Create | Villager (Male) |
| 0:04 | Build | House |
| 0:05 | Build | House |
| 1:14 | Create | Villager (Male) |
| 1:38 | Create | Villager (Male) |
| 1:50 | Build | Lumber Camp |
| 1:55 | Build | Lumber Camp |
| 2:11 | Create | Villager (Male) |
| 2:12 | Create | Villager (Male) |
| 2:33 | Create | Villager (Male) |
| 3:03 | Create | Villager (Male) |
| 3:03 | Create | Villager (Male) |
| 3:10 | Build | House |
| 3:32 | Create | Villager (Male) |
| 3:46 | Create | Villager (Male) |
| 4:11 | Create | Villager (Male) |
| 4:11 | Create | Villager (Male) |
| 4:15 | Build | Mill |
| 4:23 | Create | Villager (Male) |
| 4:23 | Create | Villager (Male) |
| 4:54 | Create | Villager (Male) |
| 4:58 | Build | House |
| 5:45 | Create | Villager (Male) |
| 5:45 | Create | Villager (Male) |
| 6:04 | Build | Mill |
| 6:37 | Create | Villager (Male) |
| 6:47 | Build | House |
| 7:02 | Build | Farm |
| 7:07 | Create | Villager (Male) |
| 7:08 | Create | Villager (Male) |
| 7:35 | Create | Villager (Male) |
| 8:06 | Build | House |
| 8:17 | Create | Villager (Male) |
| 8:17 | Create | Villager (Male) |
| 8:18 | Create | Villager (Male) |
| 8:27 | Build | Mining Camp |
| 8:30 | Create | Villager (Male) |
| 8:50 | Create | Villager (Male) |
| 9:17 | Build | Farm |
| 9:19 | Build | Farm |
| 9:45 | Research | Feudal Age |
| 10:10 | Create | Villager (Male) |
| 12:12 | Age | Feudal Age |
| 12:13 | Create | Villager (Male) |
| 12:13 | Create | Villager (Male) |
| 12:16 | Build | Market |
| 12:20 | Build | Blacksmith |
| 12:56 | Build | Farm |
| 13:24 | Build | Lumber Camp |
| 13:26 | Research | Castle Age |
| 13:30 | Build | Farm |
| 13:47 | Build | House |
| 13:51 | Research | Double-Bit Axe |
| 13:55 | Research | Gold Mining |
| 14:32 | Build | Farm |
| 14:39 | Build | Farm |
| 14:43 | Build | Farm |
| 15:54 | Create | Villager (Male) |
| 15:54 | Create | Villager (Male) |
| 16:07 | Age | Castle Age |
| 16:32 | Build | Siege Workshop |
| 16:36 | Build | Monastery |
| 16:49 | Build | Mining Camp |
| 17:24 | Research | Imperial Age |
| 17:36 | Build | Barracks |
| 17:41 | Create | Monk |
| 18:37 | Create | Mangonel |
| 18:58 | Research | Loom |
| 20:00 | Build | Archery Range |
| 20:24 | Build | Stable |
| 20:34 | Age | Imperial Age |
| 21:20 | Create | Scout Cavalry |
| 21:20 | Create | Scout Cavalry |
| 22:56 | Build | Stable |
| 23:30 | Build | Town Center |
| 24:03 | Create | Scout Cavalry |
| 24:03 | Create | Scout Cavalry |
| 24:04 | Create | Scout Cavalry |
| 24:09 | Build | House |
| 24:10 | Build | House |
| 24:11 | Build | House |
| 24:11 | Build | House |
| 24:14 | Research | Town Watch |
| 24:42 | Build | House |
| 24:44 | Build | House |
| 25:00 | Build | Mining Camp |
| 25:29 | Build | Archery Range |
| 25:30 | Build | Archery Range |
| 25:39 | Build | Farm |
| 25:40 | Build | Farm |
| 25:40 | Build | Farm |
| 25:41 | Build | Farm |
| 25:41 | Build | Farm |
| 25:44 | Build | Farm |
| 25:48 | Create | Villager (Male) |
| 26:01 | Build | Farm |
| 26:02 | Build | Farm |
| 26:03 | Create | Villager (Male) |
| 26:22 | Build | Farm |
| 27:03 | Build | Siege Workshop |
| 27:11 | Create | Villager (Male) |
| 27:32 | Create | Bombard Cannon |
| 27:45 | Create | Scout Cavalry |
| 27:45 | Create | Scout Cavalry |
| 27:55 | Create | Hand Cannoneer |
| 28:11 | Create | Bombard Cannon |
| 28:15 | Create | Hand Cannoneer |
| 28:28 | Build | House |
| 28:29 | Build | House |
| 28:57 | Create | Bombard Cannon |
| 29:27 | Create | Hand Cannoneer |
| 29:27 | Create | Hand Cannoneer |
| 29:27 | Create | Hand Cannoneer |
| 29:50 | Create | Hand Cannoneer |
| 29:50 | Create | Hand Cannoneer |
| 29:51 | Create | Hand Cannoneer |
| 30:21 | Create | Hand Cannoneer |
| 30:22 | Create | Hand Cannoneer |
| 30:29 | Create | Bombard Cannon |
| 30:59 | Create | Hand Cannoneer |
| 30:59 | Create | Hand Cannoneer |
| 31:00 | Create | Hand Cannoneer |
| 31:07 | Build | House |
| 31:08 | Build | House |
| 31:33 | Create | Hand Cannoneer |
| 32:03 | Research | Padded Archer Armor |
| 32:08 | Create | Bombard Cannon |
| 32:25 | Create | Hand Cannoneer |
| 32:32 | Build | House |
| 32:33 | Build | House |
| 32:33 | Build | House |
| 32:33 | Build | House |
| 33:15 | Create | Hand Cannoneer |
| 33:15 | Create | Hand Cannoneer |
| 33:29 | Create | Hand Cannoneer |
| 33:41 | Create | Villager (Male) |
| 33:49 | Build | House |
| 33:50 | Build | House |
| 33:52 | Build | Siege Workshop |
| 34:24 | Create | Hand Cannoneer |
| 34:25 | Create | Hand Cannoneer |
| 34:31 | Build | House |
| 34:32 | Build | House |
| 35:03 | Create | Hand Cannoneer |
| 35:15 | Build | Mining Camp |
| 35:33 | Build | Market |
| 35:36 | Build | Mining Camp |
Build order — Ux'Tycho0201
First 150 of 396 actions detected
| 0:01 | Create | Villager (Male) |
| 0:01 | Create | Villager (Male) |
| 0:01 | Create | Villager (Male) |
| 0:02 | Create | Villager (Male) |
| 0:04 | Build | House |
| 0:05 | Build | House |
| 1:21 | Create | Villager (Male) |
| 1:21 | Create | Villager (Male) |
| 1:35 | Create | Villager (Male) |
| 1:35 | Create | Villager (Male) |
| 1:44 | Build | Lumber Camp |
| 2:14 | Create | Villager (Male) |
| 2:43 | Create | Villager (Male) |
| 2:54 | Create | Villager (Male) |
| 2:54 | Create | Villager (Male) |
| 3:00 | Build | House |
| 3:23 | Create | Villager (Male) |
| 3:23 | Create | Villager (Male) |
| 3:51 | Create | Villager (Male) |
| 4:00 | Build | Mill |
| 4:15 | Create | Villager (Male) |
| 4:35 | Create | Villager (Male) |
| 5:12 | Create | Villager (Male) |
| 5:29 | Build | House |
| 5:33 | Build | Mining Camp |
| 5:38 | Create | Villager (Male) |
| 5:54 | Create | Villager (Male) |
| 6:18 | Create | Villager (Male) |
| 6:48 | Build | Mill |
| 6:49 | Create | Villager (Male) |
| 7:03 | Create | Villager (Male) |
| 7:18 | Create | Villager (Male) |
| 7:47 | Build | Mining Camp |
| 7:49 | Create | Villager (Male) |
| 8:32 | Research | Feudal Age |
| 8:36 | Build | House |
| 9:08 | Build | Farm |
| 9:49 | Create | Villager (Male) |
| 9:50 | Create | Villager (Male) |
| 10:56 | Age | Feudal Age |
| 11:02 | Build | Market |
| 11:15 | Build | Blacksmith |
| 11:17 | Research | Loom |
| 12:05 | Research | Castle Age |
| 12:05 | Research | Castle Age |
| 12:32 | Build | Farm |
| 12:38 | Research | Double-Bit Axe |
| 12:49 | Build | House |
| 12:57 | Build | Farm |
| 13:26 | Build | Farm |
| 13:33 | Create | Villager (Male) |
| 13:55 | Build | Farm |
| 13:57 | Create | Villager (Male) |
| 14:14 | Build | Farm |
| 14:25 | Build | Farm |
| 14:45 | Age | Castle Age |
| 14:47 | Create | Villager (Male) |
| 14:58 | Build | Farm |
| 15:05 | Build | Farm |
| 15:09 | Create | Villager (Male) |
| 15:17 | Build | Castle |
| 15:20 | Create | Villager (Male) |
| 15:26 | Research | Scale Barding Armor |
| 15:27 | Research | Scale Barding Armor |
| 15:41 | Build | Farm |
| 15:44 | Research | Horse Collar |
| 15:50 | Create | Villager (Male) |
| 16:04 | Build | Farm |
| 16:20 | Research | Chain Barding Armor |
| 16:29 | Create | Villager (Male) |
| 16:54 | Build | House |
| 17:05 | Create | Villager (Male) |
| 17:14 | Create | Petard |
| 17:17 | Create | Boyar |
| 17:17 | Create | Boyar |
| 17:18 | Create | Boyar |
| 17:24 | Create | Villager (Male) |
| 17:31 | Build | Farm |
| 17:34 | Build | Farm |
| 17:43 | Build | Farm |
| 17:57 | Create | Villager (Male) |
| 18:02 | Create | Boyar |
| 18:03 | Create | Boyar |
| 18:08 | Create | Villager (Male) |
| 18:28 | Create | Boyar |
| 18:28 | Create | Boyar |
| 18:28 | Create | Boyar |
| 18:37 | Create | Boyar |
| 18:37 | Create | Boyar |
| 18:54 | Create | Villager (Male) |
| 18:59 | Create | Boyar |
| 18:59 | Create | Boyar |
| 19:02 | Create | Villager (Male) |
| 19:09 | Build | Farm |
| 19:28 | Create | Boyar |
| 19:28 | Create | Boyar |
| 19:35 | Create | Villager (Male) |
| 19:46 | Build | Barracks |
| 19:59 | Create | Villager (Male) |
| 20:03 | Research | Bow Saw |
| 20:08 | Create | Boyar |
| 20:08 | Create | Boyar |
| 20:08 | Create | Boyar |
| 20:27 | Create | Boyar |
| 20:36 | Create | Villager (Male) |
| 20:59 | Create | Villager (Male) |
| 21:14 | Build | Stable |
| 21:16 | Create | Villager (Male) |
| 21:18 | Create | Boyar |
| 21:18 | Create | Boyar |
| 21:18 | Create | Boyar |
| 21:50 | Create | Boyar |
| 21:50 | Create | Boyar |
| 22:17 | Create | Villager (Male) |
| 22:17 | Create | Villager (Male) |
| 22:27 | Create | Boyar ×2 |
| 22:27 | Create | Boyar ×2 |
| 22:27 | Create | Boyar ×2 |
| 22:28 | Create | Villager (Male) |
| 22:28 | Create | Villager (Male) |
| 22:38 | Create | Villager (Male) |
| 22:38 | Create | Villager (Male) |
| 22:43 | Build | Town Center |
| 22:59 | Create | Boyar |
| 22:59 | Create | Boyar |
| 23:04 | Build | House |
| 23:12 | Build | Town Center |
| 23:32 | Create | Villager (Male) |
| 23:37 | Build | House |
| 23:38 | Build | House |
| 23:47 | Create | Villager (Male) |
| 23:47 | Create | Villager (Male) |
| 23:48 | Create | Villager (Male) |
| 23:52 | Build | Farm |
| 23:54 | Build | Farm |
| 23:57 | Build | Farm |
| 24:09 | Build | Farm |
| 24:09 | Build | Farm |
| 24:17 | Create | Villager (Male) |
| 24:49 | Create | Villager (Male) |
| 24:49 | Create | Villager (Male) |
| 24:49 | Create | Villager (Male) |
| 24:50 | Create | Villager (Male) |
| 24:50 | Create | Villager (Male) |
| 24:57 | Build | House |
| 24:58 | Build | House |
| 25:05 | Build | Farm |
| 25:05 | Build | Farm |
| 25:05 | Build | Farm |
| 25:06 | Build | Farm |
Build order — LoomOrDoom
First 150 of 466 actions detected
| 0:03 | Create | Villager (Male) |
| 0:03 | Create | Villager (Male) |
| 0:03 | Create | Villager (Male) |
| 0:04 | Build | House |
| 0:05 | Build | House |
| 0:06 | Create | Villager (Male) |
| 0:07 | Create | Villager (Male) |
| 0:07 | Create | Villager (Male) |
| 1:28 | Create | Villager (Male) |
| 1:28 | Create | Villager (Male) |
| 1:48 | Build | Lumber Camp |
| 1:50 | Create | Villager (Male) |
| 2:36 | Create | Villager (Male) |
| 2:37 | Create | Villager (Male) |
| 2:37 | Create | Villager (Male) |
| 3:08 | Create | Villager (Male) |
| 3:09 | Create | Villager (Male) |
| 3:09 | Create | Villager (Male) |
| 3:09 | Create | Villager (Male) |
| 3:34 | Create | Villager (Male) |
| 3:35 | Create | Villager (Male) |
| 3:38 | Build | House |
| 3:39 | Build | House |
| 3:40 | Build | House |
| 3:57 | Create | Villager (Male) |
| 3:57 | Create | Villager (Male) |
| 3:57 | Create | Villager (Male) |
| 4:37 | Create | Villager (Male) |
| 4:37 | Create | Villager (Male) |
| 4:37 | Create | Villager (Male) |
| 5:12 | Create | Villager (Male) |
| 5:13 | Create | Villager (Male) |
| 5:16 | Create | Villager (Male) |
| 5:17 | Create | Villager (Male) |
| 5:17 | Create | Villager (Male) |
| 5:44 | Create | Villager (Male) |
| 5:44 | Create | Villager (Male) |
| 5:52 | Build | Mill |
| 6:07 | Build | Mill |
| 6:16 | Create | Villager (Male) |
| 7:45 | Create | Villager (Male) |
| 7:45 | Create | Villager (Male) |
| 7:45 | Create | Villager (Male) |
| 8:40 | Build | Mining Camp |
| 9:03 | Research | Feudal Age |
| 9:03 | Research | Feudal Age |
| 11:00 | Create | Villager (Male) |
| 11:00 | Create | Villager (Male) |
| 11:13 | Age | Feudal Age |
| 11:16 | Build | Market |
| 11:20 | Build | Blacksmith |
| 12:07 | Research | Castle Age |
| 12:08 | Research | Castle Age |
| 13:03 | Research | Double-Bit Axe |
| 13:04 | Research | Double-Bit Axe |
| 13:04 | Research | Double-Bit Axe |
| 13:09 | Research | Horse Collar |
| 13:09 | Research | Horse Collar |
| 13:09 | Research | Horse Collar |
| 13:33 | Build | Farm |
| 13:35 | Build | Farm |
| 13:37 | Build | Farm |
| 13:40 | Build | Farm |
| 13:42 | Build | Farm |
| 13:58 | Build | House |
| 13:59 | Build | House |
| 14:24 | Create | Villager (Male) |
| 14:25 | Create | Villager (Male) |
| 14:47 | Age | Castle Age |
| 14:50 | Build | Monastery |
| 14:56 | Research | Bow Saw |
| 14:56 | Research | Bow Saw |
| 14:57 | Create | Villager (Male) |
| 15:03 | Build | Town Center |
| 15:17 | Create | Villager (Male) |
| 15:38 | Create | Monk |
| 16:06 | Build | Town Center |
| 16:10 | Create | Villager (Male) |
| 16:10 | Create | Villager (Male) |
| 16:17 | Build | Farm |
| 16:26 | Build | Farm |
| 16:28 | Create | Villager (Male) |
| 16:52 | Create | Villager (Male) |
| 16:55 | Build | Farm |
| 16:58 | Build | Farm |
| 16:59 | Create | Villager (Male) |
| 17:08 | Create | Villager (Male) |
| 17:10 | Create | Villager (Male) |
| 17:11 | Build | Farm |
| 17:13 | Build | Farm |
| 17:15 | Create | Villager (Male) |
| 17:16 | Create | Villager (Male) |
| 17:23 | Build | Farm |
| 17:28 | Build | Farm |
| 17:35 | Create | Villager (Male) |
| 17:43 | Build | Farm |
| 17:45 | Create | Villager (Male) |
| 17:45 | Create | Villager (Male) |
| 17:45 | Create | Villager (Male) |
| 17:59 | Build | Barracks |
| 18:01 | Create | Villager (Male) |
| 18:01 | Create | Villager (Male) |
| 18:01 | Create | Villager (Male) |
| 18:07 | Build | Farm |
| 18:15 | Build | Farm |
| 18:17 | Create | Villager (Male) |
| 18:17 | Create | Villager (Male) |
| 18:17 | Create | Villager (Male) |
| 18:24 | Create | Villager (Male) |
| 18:24 | Create | Villager (Male) |
| 18:24 | Create | Villager (Male) |
| 18:32 | Create | Villager (Male) |
| 18:32 | Create | Villager (Male) |
| 18:34 | Build | Farm |
| 18:36 | Build | Farm |
| 18:38 | Create | Villager (Male) |
| 18:38 | Create | Villager (Male) |
| 18:38 | Create | Villager (Male) |
| 18:55 | Build | Farm |
| 18:58 | Build | Farm |
| 18:58 | Create | Villager (Male) |
| 18:58 | Create | Villager (Male) |
| 18:59 | Create | Villager (Male) |
| 18:59 | Create | Villager (Male) |
| 19:05 | Build | Stable |
| 19:09 | Create | Villager (Male) |
| 19:09 | Create | Villager (Male) |
| 19:10 | Create | Villager (Male) |
| 19:10 | Create | Villager (Male) |
| 19:14 | Build | Farm |
| 19:14 | Build | Farm |
| 19:24 | Build | House |
| 19:28 | Build | House |
| 19:29 | Build | House |
| 19:32 | Create | Villager (Male) |
| 19:32 | Create | Villager (Male) |
| 19:32 | Create | Villager (Male) |
| 19:45 | Build | Farm |
| 19:45 | Build | Farm |
| 19:46 | Build | Farm |
| 19:47 | Build | Farm |
| 19:58 | Create | Scout Cavalry |
| 19:58 | Create | Scout Cavalry |
| 20:02 | Create | Villager (Male) |
| 20:03 | Create | Villager (Male) |
| 20:03 | Create | Villager (Male) |
| 20:06 | Build | Farm |
| 20:08 | Build | Farm |
| 20:12 | Build | Farm |
| 20:13 | Build | Farm |
Build order — Quimimoshly06
First 150 of 264 actions detected
| 0:03 | Build | House |
| 0:05 | Build | House |
| 0:08 | Create | Villager (Male) |
| 0:08 | Create | Villager (Male) |
| 0:09 | Create | Villager (Male) |
| 0:09 | Create | Villager (Male) |
| 0:09 | Create | Villager (Male) |
| 1:45 | Create | Villager (Male) |
| 1:45 | Create | Villager (Male) |
| 1:53 | Build | Lumber Camp |
| 1:56 | Create | Villager (Male) |
| 1:56 | Create | Villager (Male) |
| 2:30 | Create | Villager (Male) |
| 2:30 | Create | Villager (Male) |
| 3:14 | Create | Villager (Male) |
| 3:14 | Create | Villager (Male) |
| 3:15 | Create | Villager (Male) |
| 3:47 | Build | House |
| 4:00 | Create | Villager (Male) |
| 4:00 | Create | Villager (Male) |
| 4:08 | Build | Mill |
| 4:42 | Create | Villager (Male) |
| 4:42 | Create | Villager (Male) |
| 4:43 | Create | Villager (Male) |
| 4:43 | Create | Villager (Male) |
| 4:46 | Build | House |
| 4:48 | Build | House |
| 5:22 | Create | Villager (Male) |
| 5:23 | Create | Villager (Male) |
| 6:23 | Create | Villager (Male) |
| 6:23 | Create | Villager (Male) |
| 6:23 | Create | Villager (Male) |
| 6:23 | Create | Villager (Male) |
| 6:59 | Build | Mill |
| 7:29 | Create | Villager (Male) |
| 7:29 | Create | Villager (Male) |
| 8:18 | Create | Villager (Male) |
| 8:18 | Create | Villager (Male) |
| 8:26 | Create | Villager (Male) |
| 8:26 | Create | Villager (Male) |
| 8:31 | Build | Mining Camp |
| 8:59 | Create | Villager (Male) |
| 9:00 | Create | Villager (Male) |
| 9:03 | Research | Loom |
| 9:35 | Build | Farm |
| 9:39 | Build | Farm |
| 9:47 | Research | Feudal Age |
| 11:50 | Build | Farm |
| 11:58 | Build | Farm |
| 12:12 | Build | Mining Camp |
| 12:33 | Create | Villager (Male) |
| 12:34 | Create | Villager (Male) |
| 12:51 | Build | Market |
| 12:56 | Build | Blacksmith |
| 13:36 | Create | Villager (Male) |
| 13:44 | Create | Villager (Male) |
| 13:54 | Build | Farm |
| 13:56 | Build | Farm |
| 14:22 | Research | Double-Bit Axe |
| 14:34 | Research | Castle Age |
| 14:52 | Research | Horse Collar |
| 15:34 | Research | Gold Mining |
| 15:39 | Research | Stone Mining |
| 15:54 | Build | House |
| 15:58 | Build | House |
| 17:34 | Build | Farm |
| 17:35 | Build | Farm |
| 17:38 | Build | Farm |
| 17:45 | Create | Villager (Male) |
| 17:46 | Create | Villager (Male) |
| 18:03 | Build | Castle |
| 18:17 | Build | Barracks |
| 18:22 | Create | Villager (Male) |
| 19:00 | Create | Villager (Male) |
| 19:01 | Create | Villager (Male) |
| 19:21 | Build | Archery Range |
| 19:24 | Build | Archery Range |
| 19:48 | Create | Elephant Archer |
| 19:52 | Create | Villager (Male) |
| 19:53 | Create | Villager (Male) |
| 20:18 | Create | Elephant Archer |
| 20:22 | Create | Villager (Male) |
| 20:37 | Create | Elephant Archer |
| 20:38 | Create | Elephant Archer |
| 21:10 | Create | Elephant Archer |
| 21:11 | Create | Elephant Archer |
| 22:03 | Create | Elephant Archer |
| 22:04 | Create | Elephant Archer |
| 22:05 | Create | Elephant Archer |
| 22:11 | Build | Mining Camp |
| 22:14 | Create | Villager (Male) |
| 22:14 | Create | Villager (Male) |
| 22:17 | Create | Villager (Male) |
| 22:35 | Create | Elephant Archer |
| 22:35 | Create | Elephant Archer |
| 23:07 | Create | Elephant Archer |
| 23:08 | Create | Elephant Archer |
| 23:17 | Create | Villager (Male) |
| 23:17 | Create | Villager (Male) |
| 23:21 | Create | Villager (Male) |
| 23:21 | Create | Villager (Male) |
| 23:26 | Create | Elephant Archer |
| 23:26 | Create | Elephant Archer |
| 24:22 | Build | Town Center |
| 24:25 | Create | Villager (Male) |
| 24:38 | Build | Town Center |
| 25:00 | Create | Elephant Archer |
| 25:01 | Create | Elephant Archer |
| 25:31 | Create | Villager (Male) |
| 25:32 | Create | Villager (Male) |
| 25:32 | Create | Villager (Male) |
| 25:32 | Create | Villager (Male) |
| 25:33 | Create | Villager (Male) |
| 25:33 | Create | Villager (Male) |
| 26:12 | Create | Villager (Male) |
| 26:12 | Create | Villager (Male) |
| 26:13 | Create | Villager (Male) |
| 26:18 | Create | Villager (Male) |
| 26:18 | Create | Villager (Male) |
| 27:30 | Create | Villager (Male) |
| 27:31 | Create | Villager (Male) |
| 27:31 | Create | Villager (Male) |
| 27:31 | Create | Villager (Male) |
| 27:40 | Build | Farm |
| 27:40 | Build | Farm |
| 27:40 | Build | Farm |
| 27:41 | Build | Farm |
| 27:41 | Build | Farm |
| 27:41 | Build | Farm |
| 27:41 | Build | Farm |
| 27:41 | Build | Farm |
| 27:43 | Build | Farm |
| 27:44 | Build | Farm |
| 27:44 | Build | Farm |
| 27:45 | Build | Farm |
| 27:45 | Build | Farm |
| 27:45 | Build | Farm |
| 27:48 | Build | Farm |
| 28:17 | Research | Bow Saw |
| 28:48 | Create | Villager (Male) |
| 28:48 | Create | Villager (Male) |
| 28:48 | Create | Villager (Male) |
| 28:48 | Create | Villager (Male) |
| 29:48 | Create | Villager (Male) |
| 29:49 | Create | Villager (Male) |
| 29:49 | Create | Villager (Male) |
| 29:49 | Create | Villager (Male) |
| 29:52 | Research | Fletching |
| 29:53 | Research | Padded Archer Armor |
| 29:59 | Create | Villager (Male) |
Match timeline
| 9:41 | CTM | Crawly94 · age_up feudal |
| 10:30 | Ux'DonChauron · age_up feudal |
| 10:31 | CTM | Crawly94 · first_market_sell 100 stone |
| 10:36 | Gandalfff · age_up feudal |
| 10:56 | Ux'Tycho0201 · age_up feudal |
| 11:09 | Katz · age_up feudal |
| 11:13 | LoomOrDoom · age_up feudal |
| 12:12 | psychilli · age_up feudal |
| 13:18 | CTM | Crawly94 · age_up castle |
| 13:40 | CTM | Crawly94 · first_building Monastery |
| 14:13 | Gandalfff · age_up castle |
| 14:13 | Ux'DonChauron · age_up castle |
| 14:15 | Ux'DonChauron · first_building Siege Workshop |
| 14:25 | Gandalfff · first_market_buy 100 stone |
| 14:45 | Ux'Tycho0201 · age_up castle |
| 14:47 | LoomOrDoom · age_up castle |
| 14:50 | LoomOrDoom · first_building Monastery |
| 14:52 | Gandalfff · first_building Castle |
| 14:58 | Katz · age_up castle |
| 15:17 | Ux'Tycho0201 · first_building Castle |
| 15:22 | CTM | Crawly94 · first_building Siege Workshop |
| 15:28 | Gandalfff · first_building Siege Workshop |
| 15:32 | Katz · first_building Castle |
| 16:07 | psychilli · age_up castle |
| 16:26 | CTM | Crawly94 · first_building Barracks |
| 16:32 | psychilli · first_building Siege Workshop |
| 16:36 | psychilli · first_building Monastery |
| 16:52 | psychilli · first_market_buy 100 food |
| 17:36 | psychilli · first_building Barracks |
| 17:45 | Ux'DonChauron · first_building Monastery |
| 17:51 | Katz · first_building Barracks |
| 17:59 | LoomOrDoom · first_building Barracks |
| 18:03 | Quimimoshly06 · first_building Castle |
| 18:17 | Quimimoshly06 · first_building Barracks |
| 18:25 | Ux'Tycho0201 · first_market_sell 100 wood |
| 18:43 | Katz · first_building Stable |
| 19:05 | LoomOrDoom · first_building Stable |
| 19:09 | Ux'DonChauron · first_market_buy 100 wood |
| 19:13 | Ux'DonChauron · first_building Barracks |
| 19:21 | Quimimoshly06 · first_building Archery Range |
| 19:46 | Ux'Tycho0201 · first_building Barracks |
| 19:54 | Ux'DonChauron · first_building Stable |
| 20:00 | psychilli · first_building Archery Range |
| 20:24 | psychilli · first_building Stable |
| 20:34 | psychilli · age_up imperial |
| 21:14 | Ux'Tycho0201 · first_building Stable |
| 22:38 | Gandalfff · first_market_sell 100 wood |
| 22:50 | CTM | Crawly94 · first_market_buy 100 stone |
| 23:10 | Gandalfff · wall_segment Stone Wall x1 |
| 23:26 | Katz · tribute_sent a jugador 2 |
| 23:26 | Katz · tribute_sent a jugador 3 |
| 23:26 | Katz · tribute_sent a jugador 4 |
| 23:26 | Katz · tribute_sent a jugador 5 |
| 23:26 | Katz · tribute_sent a jugador 6 |
| 23:26 | Katz · tribute_sent a jugador 7 |
| 23:26 | Katz · tribute_sent a jugador 8 |
| 25:11 | LoomOrDoom · tribute_sent a jugador 1 |
| 25:11 | LoomOrDoom · tribute_sent a jugador 2 |
| 25:11 | LoomOrDoom · tribute_sent a jugador 3 |
| 25:11 | LoomOrDoom · tribute_sent a jugador 4 |
| 25:11 | LoomOrDoom · tribute_sent a jugador 5 |
| 25:11 | LoomOrDoom · tribute_sent a jugador 6 |
| 25:11 | LoomOrDoom · tribute_sent a jugador 8 |
| 26:53 | Katz · tribute_sent a jugador 2 |
| 26:53 | Katz · tribute_sent a jugador 3 |
| 26:53 | Katz · tribute_sent a jugador 4 |
| 26:53 | Katz · tribute_sent a jugador 5 |
| 26:53 | Katz · tribute_sent a jugador 6 |
| 26:53 | Katz · tribute_sent a jugador 7 |
| 26:53 | Katz · tribute_sent a jugador 8 |
| 26:54 | LoomOrDoom · tribute_sent a jugador 1 |
| 26:54 | LoomOrDoom · tribute_sent a jugador 2 |
| 26:54 | LoomOrDoom · tribute_sent a jugador 3 |
| 26:54 | LoomOrDoom · tribute_sent a jugador 4 |
| 26:54 | LoomOrDoom · tribute_sent a jugador 5 |
| 26:54 | LoomOrDoom · tribute_sent a jugador 6 |
| 26:54 | LoomOrDoom · tribute_sent a jugador 8 |
| 29:13 | Ux'DonChauron · first_building Castle |
| 30:05 | Katz · first_market_sell 100 stone |
| 30:10 | LoomOrDoom · first_market_sell 500 wood |
| 30:27 | Ux'DonChauron · wall_segment Stone Wall x12 |
| 30:35 | Ux'Tycho0201 · first_building Siege Workshop |
| 30:54 | Ux'DonChauron · first_market_sell 100 wood |
| 32:32 | Gandalfff · first_building Barracks |
| 32:36 | CTM | Crawly94 · first_building Archery Range |
| 33:00 | Ux'DonChauron · wall_segment Stone Wall x1 |
| 33:15 | Gandalfff · first_building Stable |
| 33:22 | Katz · age_up imperial |
| 33:55 | LoomOrDoom · first_market_buy 100 stone |
| 33:58 | Ux'Tycho0201 · age_up imperial |
| 34:01 | LoomOrDoom · first_building Castle |
| 34:02 | Quimimoshly06 · first_building Stable |
| 34:29 | Ux'DonChauron · age_up imperial |
| 34:34 | LoomOrDoom · tribute_sent a jugador 1 |
| 34:34 | LoomOrDoom · tribute_sent a jugador 2 |
| 34:34 | LoomOrDoom · tribute_sent a jugador 3 |
| 34:34 | LoomOrDoom · tribute_sent a jugador 4 |
| 34:35 | LoomOrDoom · tribute_sent a jugador 5 |
| 34:35 | LoomOrDoom · tribute_sent a jugador 6 |
| 34:35 | LoomOrDoom · tribute_sent a jugador 8 |
| 34:39 | Ux'Tycho0201 · first_market_buy 100 wood |
| 35:15 | LoomOrDoom · age_up imperial |
| 35:50 | CTM | Crawly94 · first_building Castle |
| 36:36 | Gandalfff · age_up imperial |
| 37:21 | CTM | Crawly94 · resign |
| 38:24 | psychilli · first_market_sell 100 wood |
| 38:36 | LoomOrDoom · tribute_sent a jugador 1 |
| 38:36 | LoomOrDoom · tribute_sent a jugador 2 |
| 38:36 | LoomOrDoom · tribute_sent a jugador 3 |
| 38:36 | LoomOrDoom · tribute_sent a jugador 4 |
| 38:36 | LoomOrDoom · tribute_sent a jugador 5 |
| 38:36 | LoomOrDoom · tribute_sent a jugador 6 |
| 38:36 | LoomOrDoom · tribute_sent a jugador 8 |
| 39:00 | Katz · first_building Siege Workshop |
| 39:42 | Gandalfff · first_building Monastery |
| 40:10 | Katz · first_building Archery Range |
| 40:43 | LoomOrDoom · tribute_sent a jugador 1 |
| 40:43 | LoomOrDoom · tribute_sent a jugador 2 |
| 40:43 | LoomOrDoom · tribute_sent a jugador 3 |
| 40:43 | LoomOrDoom · tribute_sent a jugador 4 |
| 40:43 | LoomOrDoom · tribute_sent a jugador 5 |
| 40:43 | LoomOrDoom · tribute_sent a jugador 6 |
| 40:43 | LoomOrDoom · tribute_sent a jugador 8 |
[ AI ANALYSIS · 1 CREDIT ]
What really happened in this match?
Wolo.gg analyzes every decision: build order, eco, micro, common mistakes by bracket. Personalized analysis on WhatsApp or Discord in 30 seconds.
Civ guide
Saracens
Perfil
Gandalfff